 Dungeon Crawl Stone Soup version 0.28.0 (webtiles) character file.

Game seed: 15971179902314253522

14 themarg the Caller (level 2, -2/23 HPs)
             Began as a Gnoll Wanderer on Feb 7, 2022.
             Slain by a hobgoblin (3 damage)
             ... on level 1 of the Dungeon.
             The game lasted 00:04:24 (245 turns).

themarg the Caller (Gnoll Wanderer)                  Turns: 245, Time: 00:04:25

Health: -2/23      AC:  3    Str: 12    XL:     2   Next: 41%
Magic:  5/5        EV: 11    Int: 10    God:
Gold:   0          SH:  0    Dex: 11    Spells: 5/6 levels left

rFire   . . .      SeeInvis .   a - +0 hunting sling
rCold   . . .      Faith    .   (no shield)
rNeg    . . .      Spirit   .   d - +0 leather armour
rPois   .          Reflect  .   (no helmet)
rElec   .          Harm     .   (no cloak)
rCorr   +          Rampage  .   (no gloves)
Will    .....                   (no boots)
Stlth   ++........              (no amulet)
HPRegen 0.07/turn               e - ring of resist corrosion
MPRegen 0.09/turn               (no ring)

@: no status effects
A: fangs 1, strong nose, distributed training
a: no special abilities


You were on level 1 of the Dungeon.
You visited 1 branch of the dungeon, and saw 1 of its levels.

Inventory:

Hand Weapons
 a - a +0 hunting sling (weapon)
Armour
 d - a +0 leather armour (worn)
Jewellery
 e - a ring of resist corrosion (left hand)
Miscellaneous
 c - a piece from Xom's chessboard (15/15)


   Skills:
 + Level 2.5 Fighting
 + Level 0.4 Short Blades
 + Level 0.4 Long Blades
 + Level 0.4 Axes
 + Level 0.4 Maces & Flails
 + Level 0.4 Polearms
 + Level 0.4 Staves
 + Level 2.5 Slings
 + Level 0.4 Bows
 + Level 0.4 Crossbows
 + Level 0.4 Throwing
 + Level 2.5 Armour
 + Level 0.4 Dodging
 + Level 2.2 Stealth
 + Level 0.4 Shields
 + Level 0.4 Unarmed Combat
 + Level 2.7 Spellcasting
 + Level 0.2 Conjurations
 + Level 0.2 Hexes
 + Level 5.3 Summonings
 + Level 0.2 Necromancy
 + Level 0.2 Translocations
 + Level 0.2 Transmutations
 + Level 0.2 Fire Magic
 + Level 0.2 Ice Magic
 + Level 0.2 Air Magic
 + Level 0.2 Earth Magic
 + Level 0.2 Poison Magic
 + Level 0.5 Invocations
 + Level 4.5 Evocations


You had 5 spell levels left.
You knew the following spells:

 Your Spells              Type           Power      Damage    Failure   Level
a - Summon Small Mammal   Summ           48%        N/A       4%          1

Your spell library contained the following spells:

 Spells                   Type           Power      Damage    Failure   Level
 Animate Armour           Summ/Erth      14%        N/A       75%         4
 Summon Lightning Spire   Summ/Air       7%         N/A       75%         4


Dungeon Overview and Level Annotations

Branches:
Dungeon (1/15)

Altars:


Innate Abilities, Weirdness & Mutations

You have very sharp teeth.
Your uncanny sense of smell can sniff out nearby items.
Your experience applies equally to all skills.


Message History

Found a stone staircase leading down.
The helpless quokka fails to defend itself.
You clumsily bash the quokka but do no damage.
The quokka bites you.
The quokka bites you but does no damage.
You closely miss the quokka. The quokka bites you.
You clumsily bash the quokka but do no damage.
Your bite misses the quokka. The quokka bites you.
The quokka bites you but does no damage.
You clumsily bash the quokka but do no damage.
The quokka closely misses you.
The quokka bites you but does no damage.
You closely miss the quokka.
The quokka bites you but does no damage.
The hobgoblin closely misses you. The quokka barely misses you.
You clumsily bash the quokka but do no damage.
Your bite misses the quokka. The hobgoblin barely misses you.
The quokka bites you. The hobgoblin hits you. The quokka closely misses you.
You clumsily bash the quokka but do no damage.
The hobgoblin misses you.
The quokka bites you but does no damage.
You closely miss the quokka. The quokka bites you.
* * * LOW HITPOINT WARNING * * *
The hobgoblin barely misses you. The quokka closely misses you.
The hobgoblin barely misses you.
You closely miss the quokka. The quokka barely misses you.
The hobgoblin closely misses you. The quokka barely misses you.
You clumsily bash the quokka but do no damage.
The hobgoblin closely misses you.
The quokka bites you but does no damage.
The hobgoblin closely misses you. The quokka barely misses you.
You barely miss the quokka. The quokka bites you.
* * * LOW HITPOINT WARNING * * *
The hobgoblin hits you.
* * * LOW HITPOINT WARNING * * *
The quokka closely misses you.
You barely miss the quokka. The hobgoblin misses you. The quokka bites you.
* * * LOW HITPOINT WARNING * * *
The hobgoblin hits you.
You die...

#.####.# #.# #.# #.# #.#
#.# #.# #.# #.#
#.####.#### #g##......#
#.#######g# #.# #@# #.#
#.r..+ #.# #.#### ∆ #.#
#>. ∆ #.# #.. #.# #... #.#
#...
##.#######################
#........g.......g...(g..#


You could see a quokka and a hobgoblin.

Vanquished Creatures
  A bat (D:1)
  An endoplasm (D:1)
  A goblin (D:1)
  A hobgoblin (D:1)
  2 jackals (D:1)
  A ball python (D:1)
  5 rats (D:1)
12 creatures vanquished.

Vanquished Creatures (collateral kills)
  A jackal (D:1)
1 creature vanquished.

Grand Total: 13 creatures vanquished

Notes
Turn   | Place    | Note
-------+----------+-------------------------------------------
     0 | D:1      | themarg the Gnoll Wanderer began the quest for the Orb.
     0 | D:1      | themarg set off with the following items: a +0 hunting
                  | sling, 20 sling bullets, a piece from Xom's chessboard
                  | (15/15), a +0 leather armour; and the following spell
                  | memorised: Summon Small Mammal; and the following spells
                  | available to memorise: Animate Armour, Summon Lightning
                  | Spire
     0 | D:1      | Reached XP level 1. HP: 17/17 MP: 4/4
    78 | D:1      | Reached XP level 2. HP: 22/23 MP: 5/5
   245 | D:1      | HP: 1/23 [quokka (4)]
   245 | D:1      | Slain by a hobgoblin

Illustrated notes

Levels and vault maps discovered:
D:1:      elethiomel_arrival_diamonds, layout_basic,
          dreamdust_ecumenical_altar_statues

Action                   || total
-------------------------++-------
Melee: Hunting sling     ||    13
 Fire: Hunting sling     ||    35
 Cast: Summon Small Mamm ||     8
 Stab: Sleeping          ||     1
Armor: Leather armour    ||    16
Dodge: Dodged            ||    29
